 Dungeon Crawl Stone Soup version 0.30-a0-354-g6b83867211 (webtiles) character file.

Game seed: 4524805049574494304

130 LnG the Sneak (level 5, -1/27 (28) HPs)
             Began as a Kobold Summoner on Nov 7, 2022.
             Slain by a wight
             ... wielding a +3 flail
              (10 damage)
             ... on level 3 of the Dungeon.
             The game lasted 00:05:42 (2324 turns).

LnG the Sneak (Kobold Summoner)                     Turns: 2324, Time: 00:05:43

HP:   -1/27 (28)    AC:  2    Str:  5    XL:     5   Next: 36%
MP:   9/9           EV: 15    Int: 18    God:
Gold: 149           SH:  0    Dex: 16    Spells: 0/9 levels left

rFire   . . .      SeeInvis .    f - +0 short sword
rCold   . . .      Faith    .    (no shield)
rNeg    . . .      Spirit   .    a - +0 robe
rPois   .          Reflect  .    (no helmet)
rElec   .          Harm     .    (no cloak)
rCorr   .          Rampage  .    (no gloves)
Will    +....                    (no boots)
Stlth   ++++......               (no amulet)
HPRegen 0.24/turn                k - ring of willpower
MPRegen 0.11/turn                (no ring)

@: about to teleport, lightly drained
A: small, no large weapons, nightstalker 3
a: no special abilities


You were on level 3 of the Dungeon.
You visited 1 branch of the dungeon, and saw 3 of its levels.

You collected 149 gold pieces.

Inventory:

Hand Weapons
 f - a +0 short sword (weapon)
Missiles
 h - a throwing net
Armour
 a - a +0 robe (worn)
Jewellery
 j - an amulet of faith
 k - a ring of willpower (left hand)
Scrolls
 c - 2 scrolls of fog {unknown}
 i - a scroll of vulnerability {unknown}
 l - 4 scrolls of blinking {unknown}
 n - a scroll of enchant weapon {unknown}
Potions
 b - a potion of magic
 e - a potion of curing {unknown}
 g - a potion of attraction {unknown}
 m - 2 potions of might {unknown}


   Skills:
 + Level 0.5 Fighting
 + Level 1.8 Short Blades
 * Level 3.1 Dodging
 * Level 4.9 Stealth
 + Level 2.7 Spellcasting
 + Level 4.5 Summonings


You couldn't memorise any spells.
You knew the following spells:

 Your Spells              Type           Power      Damage    Failure   Level
a - Summon Small Mammal   Summ           72%        N/A       2%          1
b - Call Imp              Summ           18%        N/A       3%          2
c - Call Canine Familiar  Summ           18%        N/A       8%          3
d - Summon Guardian Gole  Hex/Summ       10%        N/A       21%         3

Your spell library contained the following spells:

 Spells                   Type           Power      Damage    Failure   Level
 Sublimation of Blood     Necr           2%         N/A       26%         2
 Portal Projectile        Hex/Tloc       4%         N/A       45%         3
 Summon Lightning Spire   Summ/Air       10%        N/A       54%         4
 Leda's Liquefaction      Hex/Erth       1%         N/A       86%         4
 Petrify                  Tmut/Erth      2%         N/A       86%         4
 Fireball                 Conj/Fire      1%         3d3       99%         5
 Irradiate                Conj/Tmut      1%         3d12      99%         5
 Iskenderun's Battlesphe  Conj           2%         2d6       99%         5
 Conjure Ball Lightning   Conj/Air       1%         3x3d7     100%        6
 Orb of Destruction       Conj           1%         9d5       100%        7


Dungeon Overview and Level Annotations

Branches:
Dungeon (3/15)

Altars:


Innate Abilities, Weirdness & Mutations

You are small and have problems with some larger weapons.
You are completely attuned to the shadows.


Message History

Casting: Summon Small Mammal (safe; 2% risk of failure)
Confirm with . or Enter, or press ? or * to list all spells.
The spell is quite dangerous to miscast (8% risk of failure)!
Continue anyway?
Jessica closely misses you.
You closely miss Jessica. Your punch misses Jessica.
Jessica closely misses you.
Your hound barely misses Jessica.
Jessica closely misses you.
You hit Jessica.
Jessica is lightly wounded.
Your hound bites Jessica.
Jessica hits you with a +0 dagger.
You hit Jessica.
Jessica is heavily wounded.
Your hound bites Jessica but does no damage.
Jessica closely misses you.
Your hound bites Jessica.
You closely miss Jessica.
Jessica is severely wounded.
Jessica looks very angry.
Jessica barely misses you.
Your hound bites Jessica.
You hit Jessica but do no damage.
Jessica is almost dead.
Jessica barely misses you.
Your hound bites Jessica.
Jessica dies!
You start resting.
HP restored.
You start resting.
Magic restored.
You swap places.
Things that are here:
a +0 dagger; a +0 robe The wight attacks as you move away!
The wight hits you with a +3 flail!
You feel drained.
Your hound barely misses the wight.
Found 5 gold pieces.
Found a stone staircase leading down.
Your hound barely misses the wight.
The wight closely misses you. The wight attacks as you move away!
The wight misses you.
Your hound misses the wight.
The wight hits you with a +2 short sword.
There is a stone staircase leading up, spattered with blood here.
As you read the scroll of teleportation, it crumbles to dust.
You feel strangely unstable. The wight hits you with a +3 flail!
You die...

#.###################.#
#.# #.....# #.# #.#####
#.# #.# #.# .........##.#
#.# #.........#.# #.#
#.....##..#.# #.#
#.........#.# #.#
#..@###...#.# #.#
#..zzh....#)#
########.#####...###.#.#.#
......##.......z.#.......#
...............>$#.#.#.###
.................#...#.#
....<.####### #####.#
......# ..# ....... ###


You could see 3 wights and a friendly hound (summoned).

Vanquished Creatures
  4 adders (D:2)
  2 ball pythons (D:1)
  5 endoplasms
  2 giant cockroaches
  2 goblins (D:2)
  3 jackals (D:3)
  5 kobolds
  2 quokkas (D:2)
  3 bats
  2 frilled lizards
  2 rats
32 creatures vanquished.

Vanquished Creatures (collateral kills)
  Jessica (D:3)
  An adder (D:2)
  2 worms (D:2)
  An orc (D:2)
  2 bats (D:1)
  An endoplasm (D:1)
  A giant cockroach (D:2)
  2 goblins
  4 hobgoblins
  A quokka (D:1)
  A ball python (D:1)
  2 kobolds
  A rat (D:1)
20 creatures vanquished.

Grand Total: 52 creatures vanquished

Notes
Turn   | Place    | Note
-------+----------+-------------------------------------------
     0 | D:1      | LnG the Kobold Summoner began the quest for the Orb.
     0 | D:1      | Reached XP level 1. HP: 10/10 MP: 3/3
    87 | D:1      | Reached XP level 2. HP: 6/15 MP: 3/5
    90 | D:1      | Learned a level 2 spell: Call Imp
   498 | D:1      | Reached XP level 3. HP: 19/19 MP: 6/6
   502 | D:1      | Learned a level 3 spell: Call Canine Familiar
  1329 | D:2      | Reached XP level 4. HP: 24/24 MP: 7/7
  1627 | D:2      | Reached skill level 1 in Short Blades
  1932 | D:2      | Reached XP level 5. HP: 28/28 MP: 9/9
  1938 | D:2      | Learned a level 3 spell: Summon Guardian Golem
  2279 | D:3      | Noticed Jessica
  2291 | D:3      | Killed Jessica
  2324 | D:3      | Slain by a wight

Illustrated notes

Levels and vault maps discovered:
D:1:      dpeg_arrival_tiny_b, layout_rooms, minmay_tetromino_i4
D:2:      minmay_wonky_spiral, layout_basic
D:3:      layout_basic, old_standard_altar, zin_purify,
          kennysheep_pointless_box, minmay_joined_circles, uniq_jessica,
          uniq_natasha

Skill      XL: |  1  2  3  4 |
---------------+-------------+-----
Stealth        | 3 4 |  4.9
Short Blades   | 1 |  1.8
Dodging        | 3 |  3.1
Fighting       | |  0.5
Spellcasting   | |  2.7
Summonings     | |  4.5

Action                   |  1- 3 |  4- 6 || total
-------------------------+-------+-------++-------
Melee: Unarmed           |    37 |       ||    37
       Short sword       |    46 |    73 ||   119
       Punch             |       |     1 ||     1
 Cast: Summon Small Mamm |    11 |     3 ||    14
       Call Imp          |     8 |     2 ||    10
       Call Canine Famil |       |     1 ||     1
  Use: Scroll            |       |     2 ||     2
 Stab: Sleeping          |    11 |    10 ||    21
Armor: Robe              |     4 |     9 ||    13
Dodge: Dodged            |    62 |    64 ||   126

Table legend: (Time is in decaauts)
 A = Elapsed time spent in this place.
 B = Non-inter-level travel time spent in this place.
 C = Inter-level travel time spent in this place.
 D = Time resting spent in this place.
 E = Time spent auto-exploring this place.
 F = Levels seen in this place.
 G = Mean time per level.
                   A        B        C        D        E       F      G
               +--------+--------+--------+--------+--------+-----+--------+
         Total |   2319 |   2256 |     63 |     92 |   1713 |   3 |  773.0 |
       Dungeon |   2319 |   2256 |     63 |     92 |   1713 |   3 |  773.0 |
               +--------+--------+--------+--------+--------+-----+--------+

Top non-repeatable levels by time:
     D:2: 1292 daAuts
     D:1: 830 daAuts
     D:3: 196 daAuts
